Map: Reclamation LE

Players

xtremellinas - Winner!

  • Race: Protoss Protoss
  • Spawn Location: 11:00

Computer - Winner!

  • Race: Zerg Zerg
  • Spawn Location: 12:00

David

  • Race: Terran Terran
  • Spawn Location: 6:00

NuK

  • Race: Protoss Protoss
  • Spawn Location: 5:00

VOD

Have the link to the VOD?

Description

Time

  • Played on: April 10, 2025, 12:58 p.m.
  • Length: 8:56
Show
View Real Time Build Order
Export as new Build Order

xtremellinas Protoss - Winner!

Build Orders:  

Get SALT Encoding   

  12  0:03  Probe  
  13  0:17  Pylon, Probe  
  14  0:25  Probe  
  14  0:33  Probe  
  15  0:41  Gateway x2  
  16  0:47  Gateway  
  16  0:48  Gateway  
  16  0:53  Gateway  
  16  0:55  Gateway  
  16  1:08  Pylon  
  16  1:10  Probe  
  17  1:13  Pylon  
  17  1:17  Assimilator  
  17  1:18  Probe  
  17  1:21  Assimilator  
  18  1:25  Pylon  
  18  1:26  Probe  
  19  1:33  Cybernetics Core  
  19  1:37  Probe  
  19  1:39  Pylon  
  20  1:40  Pylon  
  20  2:05  Zealot x5  
  20  2:07  Warp Gate  
  30  2:09  Zealot  
  32  2:29  Probe  
  33  2:37  Probe  
  33  2:38  Pylon  
  33  2:39  Pylon  
  33  2:40  Stalker  
  33  2:41  Stalker, Pylon  
  33  2:44  Stalker  
  38  2:48  Stalker  
  42  3:08  Stalker x2  
  42  3:10  Stalker  
  46  3:19  Twilight Council  
  48  3:24  Stalker  
  48  3:25  Stalker  
  50  3:29  Stalker  
  54  3:46  Charge  
  54  4:09  Stalker x3  
  60  4:10  Stalker x3  
  66  4:32  Zealot  
  66  4:33  Zealot x5  
  76  4:54  Zealot x6  
  66  5:23  Zealot x4, Blink  
  66  5:24  Zealot x2  
  78  5:43  Pylon  
  78  5:45  Pylon  
  78  6:02  Stalker x4  
  78  6:03  Stalker x2  
  90  6:32  Zealot x3  
  96  6:33  Zealot x3  
  96  6:37  Pylon  
  96  6:38  Pylon  
  102  6:40  Pylon  
  70  7:26  Stalker x4  
  70  7:27  Stalker x2  
  82  8:09  Zealot x2  
  82  8:10  Zealot x4  
Show
View Real Time Build Order
Export as new Build Order

Computer Zerg - Winner!

Build Orders:  

Get SALT Encoding   

  12  0:56  Drone  
  12  0:57  Drone  
  14  0:58  Overlord  
  14  1:50  Drone x2  
  14  1:51  Drone  
  17  1:56  Extractor  
  17  2:00  Extractor  
  15  2:02  Drone  
  16  2:18  Drone  
  17  2:29  Drone  
  18  2:56  Drone  
  18  2:57  Drone x2  
  21  3:07  Drone  
Show
View Real Time Build Order
Export as new Build Order

David Terran 

Build Orders:  

Get SALT Encoding   

  12  0:01  SCV  
  13  0:13  SCV  
  14  0:18  Supply Depot  
  14  0:41  Barracks  
  14  0:46  Refinery  
  14  1:15  SCV  
  15  1:27  SCV  
  16  1:35  Command Center  
  16  1:52  SCV, Barracks Reactor  
  17  2:04  SCV  
  18  2:16  SCV  
  19  2:28  SCV  
  20  2:41  Orbital Command  
  20  2:48  SCV  
  21  2:55  Supply Depot  
  21  2:59  Marine  
  21  3:00  SCV, Marine  
  24  3:08  SCV  
  25  3:13  SCV  
  25  3:17  Marine  
  25  3:18  Marine  
  28  3:24  Barracks  
  28  3:25  SCV  
  29  3:29  SCV, Engineering Bay  
  30  3:35  Marine  
  30  3:36  Marine  
  30  3:37  SCV  
  33  3:42  SCV  
  34  3:53  SCV, Marine x2  
  34  3:54  SCV  
  38  4:05  SCV, Factory  
  38  4:06  SCV  
  40  4:11  Barracks Tech Lab  
  40  4:15  Barracks  
  40  4:17  SCV  
  40  4:18  SCV, Marine x2  
  44  4:29  SCV  
  45  4:32  Combat Shield  
  45  4:36  Marine  
  46  4:39  Refinery  
  46  4:50  Terran Infantry Weapons Level 1  
  46  4:55  Factory Tech Lab  
  46  4:56  Supply Depot  
  46  5:06  Barracks Tech Lab  
  46  5:15  Starport  
  46  5:18  SCV x2  
  46  5:19  Supply Depot  
  48  5:30  SCV  
  48  5:31  Marauder  
  48  5:32  Marauder  
  48  5:34  Marine  
  54  5:40  Marine  
  54  5:41  SCV  
  56  5:50  Orbital Command  
  56  5:52  Marine  
  56  5:53  SCV  
  58  5:58  Marine  
  58  6:01  Supply Depot  
  59  6:07  Marauder  
  59  6:10  Marine  
  62  6:17  Starport Tech Lab  
  62  6:22  Marine  
  62  6:23  Marauder  
  62  6:24  Supply Depot  
  65  6:27  Marine  
  65  6:28  Marauder  
  68  6:40  Marine  
  68  6:46  Marauder  
  71  6:48  Siege Tank  
  71  6:49  Marauder  
  71  6:50  Marine  
  61  6:58  Marine  
  62  7:08  Marine, Marauder  
  52  7:11  Marauder  
  12  7:29  Marauder  
Show
View Real Time Build Order
Export as new Build Order

NuK Protoss 

Build Orders:  

Get SALT Encoding   

  12  0:03  Probe  
  13  0:32  Probe  
  14  0:44  Probe  
  15  0:59  Pylon  
  15  1:20  Pylon  
  15  1:23  Probe  
  16  1:28  Gateway  
  16  1:32  Gateway  
  16  1:35  Probe  
  16  1:36  Gateway  
  17  1:49  Pylon  
  17  2:00  Probe  
  18  2:31  Zealot x2  
  18  2:32  Zealot  
  24  2:37  Nexus  
  24  2:51  Forge  
  26  2:58  Zealot x2  
  26  2:59  Zealot  
  30  3:17  Probe  
  31  3:25  Zealot  
  31  3:26  Zealot x2  
  37  3:29  Probe  
  38  3:41  Probe  
  39  3:49  Probe  
  39  3:52  Zealot  
  39  3:53  Zealot x2, Probe  
  47  4:00  Pylon  
  47  4:01  Probe  
  48  4:07  Probe  
  49  4:13  Probe  
  50  4:19  Probe  
  50  4:21  Assimilator  
  51  4:26  Probe  
  51  4:28  Assimilator  
  52  4:31  Probe  
  52  4:32  Assimilator  
  52  4:35  Assimilator  
  52  4:38  Probe  
  54  4:43  Probe  
  55  4:50  Probe  
  52  4:55  Probe  
  52  4:57  Zealot x2  
  52  4:58  Zealot  
Tags
 
Add a new tag
Caveats
  • Supply blocks, unpowered buildings, or Contaminate may cause inaccurate times.
  • Supply counts are checked every 10 seconds.